 Dungeon Crawl Stone Soup version 0.31-a0-875-g02e7d12df6 (webtiles) character file.

Game seed: 11275636980457289475

4403 ShaperDreaming the Fighter (level 10, -4/84 HPs)
             Began as a Djinni Fire Elementalist on Oct 13, 2023.
             Was a Follower of Fedhas.
             Killed themself with a badly aimed concussive blast (7 damage)
             ... on level 8 of the Dungeon.
             The game lasted 00:19:39 (6049 turns).

ShaperDreaming the Fighter (DjFE)                   Turns: 6049, Time: 00:19:40

Health: -4/84      AC:  2    Str:  7    XL:     10   Next: 61%
Gold:   408        EV: 13    Int: 27    God:    Fedhas [*.....] SH:  0 Dex: 14

rFire   + + .        l - +2 dagger (speed)
rCold   . . .        (no shield)
rNeg    . . .        a - +0 robe
rPois   ∞            (no helmet)
rElec   .            (no cloak)
rCorr   .            (no gloves)
SInv    .            (boots unavailable)
Will    +....        g - amulet of regeneration
Stlth   ++           j - ring of protection from cold
HPRegen 1.14/turn    n - +6 ring of intelligence
MPRegen 0.00/turn

%: infuse magic (-5 HP)
@: flying
A: sickness immunity, fire resistance 2, cold vulnerability 1, float, innate
caster, HP casting, extra vitality 1
a: Renounce Religion


You were on level 8 of the Dungeon.
You worshipped Fedhas.
Fedhas was aware of your devotion.
You visited 1 branch of the dungeon, and saw 8 of its levels.

You collected 408 gold pieces.

Inventory:

Hand Weapons
 l - a +2 dagger of speed (weapon)
Missiles
 b - 12 poisoned darts
 d - 12 boomerangs
 w - 3 throwing nets
 A - 3 curare-tipped darts
Armour
 a - a +0 robe (worn)
Jewellery
 g - an amulet of regeneration (around neck)
 j - a ring of protection from cold (left hand)
 n - a +6 ring of intelligence (right hand)
 t - an amulet of reflection
 y - a ring of resist corrosion
Wands
 s - a wand of digging (7)
 u - a wand of roots (7)
Scrolls
 f - 2 scrolls of enchant weapon {unknown}
 h - a scroll of fear {unknown}
 i - 2 scrolls of vulnerability {unknown}
 k - 3 scrolls of silence {unknown}
 m - 3 scrolls of teleportation
 q - 4 scrolls of immolation
 r - 3 scrolls of revelation {unknown}
 B - 4 scrolls of poison {unknown}
 C - 3 scrolls of acquirement {unknown}
 D - a scroll of blinking {unknown}
 F - 2 scrolls of torment {unknown}
Potions
 c - 5 potions of curing
 e - 3 potions of lignification
 o - a potion of attraction {unknown}
 p - a potion of berserk rage {unknown}
 v - 4 potions of heal wounds {unknown}
 x - a potion of mutation {unknown}
 z - a potion of invisibility {unknown}
 E - a potion of haste {unknown}


   Skills:
 - Level 12.0 Fighting
 - Level 3.0 Dodging
 - Level 3.0 Stealth
 + Level 6.6 Spellcasting
 + Level 6.6 Conjurations
 + Level 6.6 Hexes
   Level 0.0 Charms
 + Level 6.6 Summonings
 + Level 6.6 Necromancy
 + Level 6.6 Translocations
 + Level 6.6 Transmutations
 + Level 6.6 Fire Magic
 + Level 6.6 Ice Magic
 + Level 6.6 Air Magic
 + Level 6.6 Earth Magic
 + Level 6.6 Poison Magic


You knew the following spells:

 Your Spells              Type           Power      Damage    Failure   Level
a - Foxfire               Conj/Fire      100%       2x1d9     1%          1
b - Scorch                Fire           88%        2d8       1%          2
c - Volatile Blastmotes   Fire/Tloc      88%        2d17      1%          3
d - Inner Flame           Hex/Fire       44%        N/A       1%          3
e - Flame Wave            Conj/Fire      44%        2d11      4%          4
f - Shock                 Conj/Air       100%       1d9       1%          1
g - Static Discharge      Conj/Air       88%        2-6/arc   1%          2
h - Ignite Poison         Fire/Tmut/Pois 44%        N/A       1%          3
i - Stone Arrow           Conj/Erth      88%        3d12      1%          3
Your spell library was empty.

Dungeon Overview and Level Annotations

Branches:
Dungeon (8/15)             Temple (0/1) D:6            Lair (0/5) D:8

Altars:
Ashenzari
Fedhas
Qazlal
Uskayaw
Yredelemnul
Zin

Shops:
D:4 (

Annotations:
D:8 1 runed translucent door, superbruh's ghost, novice FeSh


Innate Abilities, Weirdness & Mutations

You are immune to sickness and miasma.
You are immune to poison.
Your flesh is very heat resistant. (rF++)
You are vulnerable to cold. (rC-)
You float through the air rather than walking.
You learn spells naturally, not from books.
Your magical power is your life essence.
You have superior vitality. (+4 MHP)


Message History

The cloud of blastmotes explodes!
The concussive blast engulfs the death yak!
The death yak is heavily wounded.
The concussive blast engulfs you. You resist.
You are knocked back by the blast.
Casting: Volatile Blastmotes (safe; 1% risk of failure)
Confirm with . or Enter, or press ? or * to list all spells.
A cloud of volatile blastmotes flares up around you!
The cloud of blastmotes explodes!
The concussive blast engulfs the death yak!
The death yak is heavily wounded.
The concussive blast engulfs you! You resist.
You are knocked back by the blast.
The death yak snorts and paws the ground.
The stone arrow hits the death yak!
The death yak is severely wounded.
The stone arrow hits the death yak!!
The death yak is almost dead.
The death yak gores you.
The stone arrow hits the death yak!!
You kill the death yak!
Fedhas appreciates your contribution to the ecosystem.
The death yak attacks as it pursues you!
The death yak gores you!!
The death yak attacks as it pursues you!
The death yak gores you!
* * * LOW HITPOINT WARNING * * *
Casting: Stone Arrow (safe; 1% risk of failure)
Confirm with . or Enter, or press ? or * to list all spells.
A cloud of volatile blastmotes flares up around you!
* * * LOW HITPOINT WARNING * * *
The death yak gores you!!
* * * LOW HITPOINT WARNING * * *
The death yak attacks as it pursues you!
The death yak barely misses you.
The cloud of blastmotes explodes!
The concussive blast engulfs the death yak.
The death yak is moderately wounded.
The concussive blast engulfs you! You resist.
You die...
Fedhas appreciates your contribution to the ecosystem.

##'##### ##.......#
#.....###.######.#
######.#.÷.......#
#..##########
##.####### #........#
####..#####.#
#[....#####.########
###.........Y..Y@....#
...Y....#####.######.#
######...####.# #.#
...##.........# #.#
.........###### #.#
......#.## #.#
###..##.# #.#
..#..##.# #.#
.∩#).##'## #.#


You could see 2 death yaks.

Vanquished Creatures
  A death yak (D:8)
  A two-headed ogre (D:8)
  Pikel (D:5)
  Grinder (D:3)
  Sigmund (D:2)
  4 yaks (D:8)
  2 wyverns (D:8)
  2 ice beasts
  A sky beast (D:7)
  An orc warrior (D:8)
  2 ogres
  4 lemures (D:5)
  3 bullfrogs
  3 kobold brigands
  A scorpion (D:6)
  2 hounds
  3 jellies
  A gnoll bouda (D:7)
  3 iguanas
  Terence (D:2)
  An orc wizard (D:6)
  Natasha (thrice) (D:2)
  A hell rat (D:8)
  3 gnolls (D:7)
  3 adders
  3 river rats (D:8)
  2 worms
  4 dart slugs
  9 orcs
  3 ball pythons
  3 endoplasms
  4 giant cockroaches
  14 goblins
  2 hobgoblins (D:2)
  2 jackals (D:2)
  2 quokkas
  6 bats
  A frilled lizard (D:2)
  16 kobolds
  8 rats
128 creatures vanquished.

Vanquished Creatures (others)
  63 foxfires
63 creatures vanquished.

Grand Total: 191 creatures vanquished

Notes
Turn   | Place    | Note
-------+----------+-------------------------------------------
     0 | D:1      | ShaperDreaming the Djinni Fire Elementalist began the quest
                  | for the Orb.
     0 | D:1      | ShaperDreaming set off with the following spells memorised:
                  | Foxfire, Scorch, Volatile Blastmotes, Inner Flame, Flame
                  | Wave.
     0 | D:1      | Reached XP level 1. HP: 15/15 MP: 0/0
    77 | D:1      | Found a faded altar of an unknown god.
   208 | D:1      | Reached XP level 2. HP: 21/21 MP: 0/0
   654 | D:2      | Reached XP level 3. HP: 26/26 MP: 0/0
   654 | D:2      | Learned a level 1 spell: Shock
   837 | D:2      | Noticed Sigmund
   871 | D:2      | Killed Sigmund
   872 | D:2      | Reached skill level 2 in Fighting
   872 | D:2      | Reached XP level 4. HP: 27/34 MP: 0/0
   872 | D:2      | Reached XP level 5. HP: 31/39 MP: 0/0
   872 | D:2      | Learned a level 2 spell: Static Discharge
   935 | D:2      | Reached XP level 6. HP: 43/45 MP: 0/0
  1014 | D:2      | Noticed Terence
  1020 | D:2      | Killed Terence
  1155 | D:2      | Noticed Natasha
  1163 | D:2      | Killed Natasha
  1164 | D:2      | Reached skill level 3 in Fighting
  1200 | D:2      | Noticed Natasha
  1205 | D:2      | Killed Natasha
  1470 | D:2      | Noticed Natasha
  1473 | D:2      | Killed Natasha
  1595 | D:3      | Found a broken altar of Ashenzari.
  1785 | D:3      | Noticed Grinder
  1785 | D:3      | Paralysed by Grinder for 4 turns
  1810 | D:3      | Killed Grinder
  1811 | D:3      | Reached skill level 5 in Fighting
  1811 | D:3      | Reached XP level 7. HP: 44/54 MP: 0/0
  1811 | D:3      | Learned a level 3 spell: Ignite Poison
  1938 | D:3      | You are sucked into a shaft and drop 1 floor!
  2657 | D:4      | Reached skill level 6 in Fighting
  2666 | D:4      | Found Uxkuh's Weapon Shoppe.
  2852 | D:5      | Entered Level 5 of the Dungeon
  2872 | D:5      | Reached XP level 8. HP: 62/62 MP: 0/0
  3084 | D:5      | Noticed Pikel
  3094 | D:5      | Killed Pikel
  3095 | D:5      | Reached skill level 8 in Fighting
  3141 | D:5      | Found a glowing silver altar of Zin.
  3496 | D:5      | Found a blossoming altar of Fedhas.
  3540 | D:5      | Became a worshipper of Fedhas Madash
  3686 | D:6      | Reached skill level 9 in Fighting
  3686 | D:6      | Reached XP level 9. HP: 72/72 MP: 0/0
  3686 | D:6      | Learned a level 3 spell: Stone Arrow
  4056 | D:6      | Found a staircase to the Ecumenical Temple.
  4484 | D:7      | Reached * piety under Fedhas
  4964 | D:7      | Reached skill level 10 in Fighting
  4964 | D:7      | Reached skill level 5 in Spellcasting
  4964 | D:7      | Reached skill level 5 in Conjurations
  4964 | D:7      | Reached skill level 5 in Hexes
  4964 | D:7      | Reached skill level 5 in Summonings
  4964 | D:7      | Reached skill level 5 in Necromancy
  4964 | D:7      | Reached skill level 5 in Translocations
  4964 | D:7      | Reached skill level 5 in Transmutations
  4964 | D:7      | Reached skill level 5 in Fire Magic
  4964 | D:7      | Reached skill level 5 in Ice Magic
  4964 | D:7      | Reached skill level 5 in Air Magic
  4964 | D:7      | Reached skill level 5 in Earth Magic
  4964 | D:7      | Reached skill level 5 in Poison Magic
  5359 | D:8      | Found a runed translucent door.
  5367 | D:8      | Noticed superbruh's ghost (novice FeSh)
  5372 | D:8      | Noticed a two-headed ogre
  5378 | D:8      | Killed a two-headed ogre
  5421 | D:8      | Reached XP level 10. HP: 17/81 MP: 0/0
  5542 | D:8      | Reached skill level 11 in Fighting
  5650 | D:8      | Found a hide-covered altar of Uskayaw.
  5650 | D:8      | Found a stormy altar of Qazlal.
  5656 | D:8      | Found a basalt altar of Yredelemnul.
  5826 | D:8      | Reached skill level 12 in Fighting
  5852 | D:8      | Noticed a death yak
  5853 | D:8      | Found a staircase to the Lair.
  5854 | D:8      | Noticed a death yak
  6019 | D:8      | Noticed a death yak
  6044 | D:8      | Killed a death yak
  6048 | D:8      | HP: 2/84 [death yak (21)]
  6049 | D:8      | Killed themself with a badly aimed concussive blast

Illustrated notes

Levels and vault maps discovered:
D:1:      minmay_arrival_shattered_statue, layout_basic,
          hellmonk_ecumenical_altar_inner_sanctum, skrybe_limestone_x,
          minmay_misc_feat_more_columns
D:2:      minmay_inner_zag, layout_loops_ring, uniq_natasha, uniq_terence,
          uniq_sigmund
D:3:      layout_basic, nicolae_ashenzari_skybound, uniq_grinder
D:4:      cheibrodos_quashed, layout_cave_pools, serial_shops, shop,
          minivault_26, st_stairs_2
D:5:      layout_basic, mainiacjoe_overflow_alcove_1,
          mainiacjoe_overflow_catwalk, uniq_pikel
D:6:      layout_loops_ring, lemuel_temple_firewalk_a, minmay_bent
D:7:      layout_layer_cave, serial_glass, glass_columns_b, glass_columns_a,
          glass_columns_c, glass_columns_a, glass_columns_a, glass_columns_c,
          glass_columns_b, glass_columns_a, glass_columns_c, glass_columns_b,
          glass_columns_a, glass_columns_b, glass_columns_a, glass_columns_b,
          minmay_strange_pillars, feat_on_display
D:8:      layout_loops_corners, gammafunk_temple_overflow_forgotten, minitemple,
          dpeg_lair_monsters, hellmonk_ghost_big_iron, enter_bailey_2

Skill      XL: |  1  2  3  4  5  6  7  8  9 10 |
---------------+-------------------------------+-----
Spellcasting   | 4 6 |  6.6
Conjurations   | 4 6 |  6.6
Hexes          | 4 6 |  6.6
Summonings     | 4 6 |  6.6
Necromancy     | 4 6 |  6.6
Translocations | 4 6 |  6.6
Transmutations | 4 6 |  6.6
Fire Magic     | 4 6 |  6.6
Ice Magic      | 4 6 |  6.6
Air Magic      | 4 6 |  6.6
Earth Magic    | 4 6 |  6.6
Poison Magic   | 4 6 |  6.6
Stealth        | 2 3 |  3.0
Fighting       | 2 5 6 9 10 12 | 12.0
Dodging        | 3 |  3.0

Action                     |  1- 3 |  4- 6 |  7- 9 | 10-12 || total
---------------------------+-------+-------+-------+-------++-------
  Melee: Unarmed           |     1 |       |       |       ||     1
         Dagger            |       |       |       |     1 ||     1
  Throw: Dart              |     1 |       |       |     1 ||     2
   Cast: Foxfire           |    39 |       |       |       ||    39
         Shock             |    25 |    32 |    93 |       ||   150
         Volatile Blastmot |     4 |     4 |       |     6 ||    14
         Static Discharge  |       |     3 |     5 |       ||     8
         Scorch            |       |     1 |       |       ||     1
         Stone Arrow       |       |       |    49 |    48 ||    97
  Evoke: Wand              |       |       |     1 |       ||     1
    Use: Scroll            |       |     3 |     1 |       ||     4
 Armour: Robe              |    13 |     8 |    21 |    22 ||    64
  Dodge: Dodged            |    10 |     2 |    20 |     9 ||    41

Table legend: (Time is in decaauts)
 A = Elapsed time spent in this place.
 B = Non-inter-level travel time spent in this place.
 C = Inter-level travel time spent in this place.
 D = Time resting spent in this place.
 E = Time spent auto-exploring this place.
 F = Levels seen in this place.
 G = Mean time per level.
                   A        B        C        D        E       F      G
               +--------+--------+--------+--------+--------+-----+--------+
         Total |   6055 |   5871 |    184 |    129 |   4861 |   8 |  756.9 |
       Dungeon |   6055 |   5871 |    184 |    129 |   4861 |   8 |  756.9 |
               +--------+--------+--------+--------+--------+-----+--------+

Top non-repeatable levels by time:
     D:7: 1044 daAuts
     D:2: 960 daAuts
     D:3: 929 daAuts
     D:6: 831 daAuts
     D:5: 705 daAuts
     D:8: 618 daAuts
     D:1: 560 daAuts
     D:4: 406 daAuts
